Red Wings vs Maple Leafs (R2)

Created - 1 octobre 2014 at 23:09

Goals
1 2 3 T
Red Wings 2 1 0 3
Maple Leafs 0 2 2 4
Shots
1 2 3 T
Red Wings 17 15 6 38
Maple Leafs 6 9 17 32

1st period

1. Red Wings , Shea Weber 1 (Martin Havlat, Jason Spezza) at 0:24 (PP)
2. Red Wings , Mike Richards 2 (Sean Bergenheim) at 12:05

Penalties :
Evgeni Malkin (Tor) for Roughing (Double Minor) at 0:15, Evgeni Malkin (Tor) for Slashing (Minor) at 4:36, Evgeni Malkin (Tor) for Hooking (Minor) at 12:08, Byron Bitz (Tor) for Hooking (Minor) at 18:46

2nd period

3. Maple Leafs , Alexander Frolov 3 (Evgeni Malkin, Claude Giroux) at 1:58 (PP)
4. Maple Leafs , Justin Abdelkader 2 (Rob Schremp, Braydon Coburn) at 10:49
5. Red Wings , Rick Nash 5 (Paul Martin, Jason Spezza) at 16:24

Penalties :
Mike Brown (Det) for Holding (Minor) at 1:42, Alexander Frolov (Tor) for Slashing (Minor) at 2:34, Justin Abdelkader (Tor) for Slashing (Minor) at 6:21, Christian Backman (Det) for Roughing (Minor) at 8:34, Alex Goligoski (Tor) for Hooking (Minor) at 11:47, Shea Weber (Det) for Interference (Minor) at 19:51

3rd period

6. Maple Leafs , Jordan Staal 2 (Colby Armstrong) at 15:42
7. Maple Leafs , Claude Giroux 4 (Tobias Enstrom, Evgeni Malkin) at 19:13 (PP)

Penalties :
Braydon Coburn (Tor) for Interference (Minor) at 7:09, Sean Bergenheim (Det) for Tripping (Minor) at 13:29, Shawn Horcoff (Det) for Unsportsmanlike conduct (Major / Game Misconduct) at 18:59

Goalie Stats

Jonathan Quick (Det), 28 saves from 32 shots - (0,875), L, 2-2-0, 60:00 minutes
Marc-André Fleury (Tor), 35 saves from 38 shots - (0,921), W, 3-1-0, 60:00 minutes

Players Stats for Red Wings

Player Name              G  A  P  +/- PIM S  H  SB GA TA FO     MP     PP MP  PK MP  
------------------------------------------------------------------------------------
Brian Sutherby           0  0  0  -1  0   0  0  0  0  0  2/4     7:30   0:00   0:04 
Carson Mcmillan          0  0  0   0  0   0  0  0  0  0  0/0     7:10   0:00   0:00 
Christian Backman        0  0  0   0  2   2  0  1  0  0  0/0    17:47   7:12   0:32 
Christian Laflamme       0  0  0   0  0   3  0  2  0  1  0/0    14:23   0:00   3:10 
Jason Spezza             0  2  2   1  0   3  1  2  2  0  19/34  23:54   8:12   4:51 
Martin Havlat            0  1  1   1  0   7  3  0  1  0  1/1    20:50   8:12   1:42 
Maxim Kondratiev         0  0  0   1  0   3  1  2  1  0  0/0    17:00   7:12   0:00 
Michal Grosek            0  0  0   0  0   3  1  0  0  0  0/0     8:13   0:05   0:38 
Mike Brown               0  0  0  -1  2   0  3  0  2  1  0/1    10:02   0:12   0:00 
Mike Richards            1  0  1   1  0   4  2  1  1  2  8/15   17:57   7:37   1:42 
Ossi Vaananen            0  0  0   0  0   0  2  1  0  0  0/0    13:39   0:00   2:26 
Paul Martin              0  1  1  -1  0   2  1  0  0  0  0/0    29:21   8:49   4:47 
Rick Nash                1  0  1   0  0   2  0  0  1  1  1/2    24:06   8:19   4:43 
Robert Dome              0  0  0  -1  0   1  1  1  0  0  0/0    10:20   0:00   0:46 
Sean Bergenheim          0  1  1   1  2   1  1  1  3  0  2/4    16:14   7:37   0:00 
Shawn Horcoff            0  0  0  -1  15  1  1  1  1  0  2/3    10:02   0:12   0:00 
Shea Weber               1  0  1  -1  2   1  2  3  0  2  0/0    28:07   8:49   3:31 
Teemu Selanne            0  0  0   1  0   5  2  0  0  0  0/0    16:07   7:37   0:00 

Players Stats for Maple Leafs

Player Name              G  A  P  +/- PIM S  H  SB GA TA FO     MP     PP MP  PK MP  
------------------------------------------------------------------------------------
Alex Goligoski           0  0  0   0  2   2  2  2  0  2  0/0    21:07   2:38   5:52 
Alexander Frolov         1  0  1  -2  2   4  2  0  0  1  2/4    22:17   3:58   6:05 
Blake Comeau             0  0  0   1  0   0  0  1  0  0  0/0     6:31   0:00   0:00 
Braydon Coburn           0  1  1   0  2   2  1  2  1  1  0/0    20:56   2:38   5:27 
Brendan Morrison         0  0  0   0  0   4  3  2  0  2  6/14   18:11   3:15   6:24 
Byron Bitz               0  0  0   0  2   3  0  0  0  0  0/0    12:29   3:15   0:00 
Claude Giroux            1  1  2  -2  0   3  2  1  1  2  7/15   25:13   3:58   8:38 
Colby Armstrong          0  1  1   1  0   2  1  0  1  1  1/2     9:03   0:00   0:00 
Dion Phaneuf             0  0  0   0  0   1  1  3  2  0  0/0    28:24   4:35   9:44 
Evgeni Malkin            0  2  2  -2  8   4  0  1  1  0  9/22   22:11   3:58   5:36 
Jamie McBain             0  0  0   0  0   1  0  1  1  0  0/0    11:55   0:00   1:34 
Jordan Staal             1  0  1   1  0   1  1  0  0  0  1/3     8:19   0:00   0:04 
Justin Abdelkader        1  0  1   1  2   5  2  0  0  0  0/0     8:04   0:00   1:18 
Matt Pettinger           0  0  0   0  0   0  2  0  0  0  0/0    12:22   3:15   0:00 
Noah Welch               0  0  0   0  0   0  0  2  0  1  0/0    10:01   0:00   0:00 
Rob Schremp              0  1  1   1  0   0  0  0  0  1  2/2     6:31   0:00   0:00 
Steve Ott                0  0  0   1  0   0  2  0  0  0  1/2    12:26   0:00   3:57 
Tobias Enstrom           0  1  1   0  0   0  1  3  0  1  0/0    27:51   4:35   9:25 

3 Stars

1 - Mike Richards (Det)
2 - Jason Spezza (Det)
3 - Jordan Staal (Tor)

Power Play

Red Wings - 1 on 9 Attempt(s) - 11,11%
Maple Leafs - 2 on 5 Attempt(s) - 40,00%

Penalty Kill

Red Wings - 3 on 5 Attempt(s) - 60,00% - Score 0 goal in Penalty Kill
Maple Leafs - 8 on 9 Attempt(s) - 88,89% - Score 0 goal in Penalty Kill

Official

Referees : Hebert Ghislain and VanMassenhoven Don
Linesman : Brad Kovachik and Brian Murphy

Game Notes

Shawn Horcoff ejected from game at 18:59 of 3rd period

Finance

Level 1 -- Attendance: 4928 (82,13%) -- Ticket Income 492 800 $
Level 2 -- Attendance: 3891 (77,82%) -- Ticket Income 252 915 $
Level 3 -- Attendance: 1284 (64,20%) -- Ticket Income 53 928 $
Level 4 -- Attendance: 2482 (62,05%) -- Ticket Income 74 460 $
Luxury Box -- Attendance: 708 (70,80%) -- Ticket Income 130 980 $
Game was played at the Maple Leafs Garden
Total Attendance: 13293 (73,85%)
Total Ticket Income: 1 005 083 $
Other Income: 150 762 $
Total Income: 1 155 845 $

Red Wings

5 vs 5 Forward 
   Center                   Left Wing                Right Wing               Time % Phy DF OF 
 1 Jason Spezza             Rick Nash                Martin Havlat            40     1   2  2  
 2 Mike Richards            Sean Bergenheim          Teemu Selanne            30     1   2  2  
 3 Shawn Horcoff            Robert Dome              Mike Brown               20     1   2  2  
 4 Brian Sutherby           Michal Grosek            Carson Mcmillan          10     1   2  2  

5 vs 5 Defense 
   Defense                  Defense                                           Time % Phy DF OF 
 1 Shea Weber               Paul Martin                                       40     1   2  2  
 2 Ossi Vaananen            Christian Laflamme                                30     1   2  2  
 3 Maxim Kondratiev         Christian Backman                                 20     1   2  2  
 4 Christian Backman        Shea Weber                                        10     1   2  2  

PowerPlay Forward 
   Center                   Left Wing                Right Wing               Time % Phy DF OF 
 1 Jason Spezza             Rick Nash                Martin Havlat            60     1   2  2  
 2 Mike Richards            Sean Bergenheim          Teemu Selanne            40     1   2  2  

PowerPlay Defense
   Defense                  Defense                                           Time % Phy DF OF 
 1 Shea Weber               Paul Martin                                       60     1   2  2  
 2 Christian Backman        Maxim Kondratiev                                  40     1   2  2  

Penalty Kill 4 Players Forward 
   Center                   Wing                     Time % Phy DF OF 
 1 Jason Spezza             Rick Nash                60     1   2  2  
 2 Mike Richards            Martin Havlat            40     1   2  2  

Penalty Kill 4 Players Defense
   Defense                  Defense                  Time % Phy DF OF 
 1 Shea Weber               Paul Martin              60     1   2  2  
 2 Ossi Vaananen            Christian Laflamme       40     1   2  2  

Penalty Kill - 3 Players Forward 
   Forward                                           Time % Phy DF OF 
 1 Jason Spezza                                      60     1   2  2  
 2 Mike Richards                                     40     1   2  2  

Penalty Kill - 3 Players Defense
   Defense                  Defense                  Time % Phy DF OF 
 1 Shea Weber               Paul Martin              60     1   2  2  
 2 Ossi Vaananen            Christian Laflamme       40     1   2  2  

4 vs 4 Forward 
   Center                   Wing                     Time % Phy DF OF 
 1 Jason Spezza             Rick Nash                60     1   2  2  
 2 Mike Richards            Martin Havlat            40     1   2  2  

4 vs 4 Defense
   Defense                  Defense                  Time % Phy DF OF 
 1 Shea Weber               Paul Martin              60     1   2  2  
 2 Christian Backman        Maxim Kondratiev         40     1   2  2  

Last Minutes Offensive
   Center                   Left Wing                Right Wing               Defense                  Defense                  
   Jason Spezza             Rick Nash                Martin Havlat            Shea Weber               Paul Martin              

Last Minutes Defensive
   Center                   Left Wing                Right Wing               Defense                  Defense                  
   Jason Spezza             Rick Nash                Martin Havlat            Shea Weber               Paul Martin              

Goaltenders
Starting : Jonathan Quick           
Backup : Scott Clemmensen         

Extra Forwards
Normal : Shawn Horcoff, Brian Sutherby, Robert Dome - PP : Shawn Horcoff, Sean Bergenheim - PK : Robert Dome
Extra Defensemen
Normal : Maxim Kondratiev, Ossi Vaananen, Christian Backman - PP : Maxim Kondratiev - PK : Christian Laflamme, Christian Backman
Penalty Shots
Jason Spezza, Rick Nash, Mike Richards, Martin Havlat, Sean Bergenheim

Maple Leafs

5 vs 5 Forward 
   Center                   Left Wing                Right Wing               Time % Phy DF OF 
 1 Evgeni Malkin            Alexander Frolov         Claude Giroux            40     1   1  3  
 2 Brendan Morrison         Matt Pettinger           Byron Bitz               30     1   2  2  
 3 Jordan Staal             Steve Ott                Colby Armstrong          20     1   2  2  
 4 Rob Schremp              Justin Abdelkader        Blake Comeau             10     1   2  2  

5 vs 5 Defense 
   Defense                  Defense                                           Time % Phy DF OF 
 1 Dion Phaneuf             Tobias Enstrom                                    40     1   2  2  
 2 Alex Goligoski           Braydon Coburn                                    30     1   2  2  
 3 Noah Welch               Jamie McBain                                      20     1   2  2  
 4 Dion Phaneuf             Tobias Enstrom                                    10     1   2  2  

PowerPlay Forward 
   Center                   Left Wing                Right Wing               Time % Phy DF OF 
 1 Evgeni Malkin            Alexander Frolov         Claude Giroux            60     1   1  3  
 2 Brendan Morrison         Matt Pettinger           Byron Bitz               40     1   1  3  

PowerPlay Defense
   Defense                  Defense                                           Time % Phy DF OF 
 1 Dion Phaneuf             Tobias Enstrom                                    60     1   1  3  
 2 Alex Goligoski           Braydon Coburn                                    40     1   1  3  

Penalty Kill 4 Players Forward 
   Center                   Wing                     Time % Phy DF OF 
 1 Claude Giroux            Evgeni Malkin            60     1   3  1  
 2 Alexander Frolov         Brendan Morrison         40     1   3  1  

Penalty Kill 4 Players Defense
   Defense                  Defense                  Time % Phy DF OF 
 1 Dion Phaneuf             Tobias Enstrom           60     1   3  1  
 2 Alex Goligoski           Braydon Coburn           40     1   1  3  

Penalty Kill - 3 Players Forward 
   Forward                                           Time % Phy DF OF 
 1 Claude Giroux                                     60     1   4  0  
 2 Evgeni Malkin                                     40     1   4  0  

Penalty Kill - 3 Players Defense
   Defense                  Defense                  Time % Phy DF OF 
 1 Dion Phaneuf             Tobias Enstrom           60     1   4  0  
 2 Alex Goligoski           Braydon Coburn           40     1   4  0  

4 vs 4 Forward 
   Center                   Wing                     Time % Phy DF OF 
 1 Claude Giroux            Evgeni Malkin            60     1   2  2  
 2 Alexander Frolov         Brendan Morrison         40     1   2  2  

4 vs 4 Defense
   Defense                  Defense                  Time % Phy DF OF 
 1 Dion Phaneuf             Tobias Enstrom           60     1   2  2  
 2 Alex Goligoski           Braydon Coburn           40     1   2  2  

Last Minutes Offensive
   Center                   Left Wing                Right Wing               Defense                  Defense                  
   Evgeni Malkin            Alexander Frolov         Claude Giroux            Dion Phaneuf             Tobias Enstrom           

Last Minutes Defensive
   Center                   Left Wing                Right Wing               Defense                  Defense                  
   Evgeni Malkin            Alexander Frolov         Claude Giroux            Dion Phaneuf             Tobias Enstrom           

Goaltenders
Starting : Marc-André Fleury        
Backup : Niklas Backstrom         

Extra Forwards
Normal : Colby Armstrong, Jordan Staal, Steve Ott - PP : Colby Armstrong, Jordan Staal - PK : Steve Ott
Extra Defensemen
Normal : Noah Welch, Jamie McBain, Alex Goligoski - PP : Noah Welch - PK : Jamie McBain, Alex Goligoski
Penalty Shots
Claude Giroux, Evgeni Malkin, Alexander Frolov, Brendan Morrison, Byron Bitz

% Time on Ice - Red Wings

Lines # - Real PCT - Wanted PCT - Time Play
Normal Forward
1 - 31% - 40% - 11:24
2 - 23% - 30% - 8:38
3 - 26% - 20% - 9:34
4 - 19% - 10% - 7:10
Normal Defense
1 - 43% - 40% - 15:45
2 - 36% - 30% - 13:10
3 - 21% - 20% - 7:51
4 - 0% - 10% - 0:00
PP Forward
1 - 52% - 60% - 8:24
2 - 48% - 40% - 7:37
PP Defense
1 - 55% - 60% - 8:49
2 - 45% - 40% - 7:12
PK Forward
1 - 76% - 60% - 5:31
2 - 24% - 40% - 1:42
PK Defense
1 - 66% - 60% - 4:47
2 - 34% - 40% - 2:26
PK3 Forward
1 - 0% - 60%
2 - 0% - 40%
PK3 Defense
1 - 0% - 60%
2 - 0% - 40%
44 Forward
1 - 0% - 60%
2 - 0% - 40%
44 Defense
1 - 0% - 60%
2 - 0% - 40%
Last Minute Offensive  - 0:00
Last Minute Defensive  - 0:00
Total
Forward - 60:00
Defense - 60:00

% Time on Ice - Maple Leafs

Lines # - Real PCT - Wanted PCT - Time Play
Normal Forward
1 - 34% - 40% - 12:40
2 - 25% - 30% - 9:22
3 - 22% - 20% - 8:13
4 - 18% - 10% - 6:31
Normal Defense
1 - 38% - 40% - 13:51
2 - 36% - 30% - 13:05
3 - 27% - 20% - 9:50
4 - 0% - 10% - 0:00
PP Forward
1 - 55% - 60% - 3:58
2 - 45% - 40% - 3:15
PP Defense
1 - 64% - 60% - 4:35
2 - 36% - 40% - 2:38
PK Forward
1 - 68% - 60% - 10:49
2 - 32% - 40% - 5:12
PK Defense
1 - 60% - 60% - 9:35
2 - 40% - 40% - 6:26
PK3 Forward
1 - 0% - 60%
2 - 0% - 40%
PK3 Defense
1 - 0% - 60%
2 - 0% - 40%
44 Forward
1 - 0% - 60%
2 - 0% - 40%
44 Defense
1 - 0% - 60%
2 - 0% - 40%
Last Minute Offensive  - 0:00
Last Minute Defensive  - 0:00
Total
Forward - 60:00
Defense - 60:00

Play by Play

1st period


0:01 of 1st period - Jason Spezza wins face-off versus Evgeni Malkin in neutral zone.
0:15 of 1st period - Double Minor Penalty to Evgeni Malkin for Roughing.
0:16 of 1st period - Jason Spezza wins face-off versus Claude Giroux in Maple Leafs zone.
0:16 of 1st period - Wrist shot by Rick Nash.
0:16 of 1st period - Shot Blocked by Dion Phaneuf.
0:18 of 1st period - Slapshot by Paul Martin.
0:18 of 1st period - Stopped by Marc-André Fleury with a rebound.
0:20 of 1st period - Wrist shot by Jason Spezza.
0:20 of 1st period - Shot Misses the Net.
0:22 of 1st period - Snap shot by Martin Havlat.
0:22 of 1st period - Stopped by Marc-André Fleury with a rebound.
0:24 of 1st period - Slapshot by Shea Weber.
0:24 of 1st period - Goal by Shea Weber - Red Wings : 1 - Maple Leafs : 0.
0:25 of 1st period - Mike Richards wins face-off versus Alexander Frolov in neutral zone.
0:54 of 1st period - Brendan Morrison is hit by Maxim Kondratiev and loses puck.
0:59 of 1st period - Wrist shot by Jason Spezza.
0:59 of 1st period - Shot Misses the Net.
2:24 of 1st period - Penalty to Evgeni Malkin is over, Evgeni Malkin is back on ice.
2:31 of 1st period - Snap shot by Jason Spezza.
2:31 of 1st period - Shot Blocked by Blake Comeau.
2:33 of 1st period - Wrist shot by Christian Laflamme.
2:33 of 1st period - Stopped by Marc-André Fleury with a rebound.
4:16 of 1st period - Mike Richards is hit by Matt Pettinger and loses puck.
4:29 of 1st period - Alexander Frolov is hit by Mike Brown.
4:36 of 1st period - Minor Penalty to Evgeni Malkin for Slashing.
4:37 of 1st period - Jason Spezza wins face-off versus Claude Giroux in Maple Leafs zone.
6:10 of 1st period - Maxim Kondratiev is hit by Dion Phaneuf and loses puck.
6:36 of 1st period - Penalty to Evgeni Malkin is over, Evgeni Malkin is back on ice.
7:06 of 1st period - Paul Martin is hit by Brendan Morrison and loses puck.
8:20 of 1st period - Rick Nash is hit by Justin Abdelkader and loses puck.
8:33 of 1st period - Byron Bitz is hit by Shawn Horcoff and loses puck.
10:44 of 1st period - Byron Bitz is hit by Mike Richards and loses puck.
10:59 of 1st period - Shawn Horcoff is hit by Alexander Frolov and loses puck.
11:06 of 1st period - Snap shot by Claude Giroux.
11:06 of 1st period - Shot Blocked by Shea Weber.
11:08 of 1st period - Snap shot by Alexander Frolov.
11:08 of 1st period - Stopped by Jonathan Quick without a rebound.
11:09 of 1st period - Jason Spezza wins face-off versus Evgeni Malkin in Red Wings zone.
11:21 of 1st period - Off-side.
11:22 of 1st period - Evgeni Malkin wins face-off versus Jason Spezza in neutral zone.
11:27 of 1st period - Slapshot by Evgeni Malkin.
11:27 of 1st period - Stopped by Jonathan Quick without a rebound.
11:28 of 1st period - Jason Spezza wins face-off versus Evgeni Malkin in Red Wings zone.
11:45 of 1st period - Wrist shot by Evgeni Malkin.
11:45 of 1st period - Shot Misses the Net.
12:03 of 1st period - Snap shot by Teemu Selanne.
12:03 of 1st period - Stopped by Marc-André Fleury without a rebound.
12:04 of 1st period - Sean Bergenheim wins face-off versus Evgeni Malkin in Maple Leafs zone.
12:05 of 1st period - Snap shot by Mike Richards.
12:05 of 1st period - Goal by Mike Richards - Red Wings : 2 - Maple Leafs : 0.
12:06 of 1st period - Evgeni Malkin wins face-off versus Jason Spezza in neutral zone.
12:08 of 1st period - Minor Penalty to Evgeni Malkin for Hooking.
12:09 of 1st period - Jason Spezza wins face-off versus Claude Giroux in Maple Leafs zone.
12:17 of 1st period - Wrist shot by Jason Spezza.
12:17 of 1st period - Shot Misses the Net.
12:19 of 1st period - Backhand shot by Shea Weber.
12:19 of 1st period - Shot Blocked by Tobias Enstrom.
12:21 of 1st period - Snap shot by Martin Havlat.
12:21 of 1st period - Shot Misses the Net.
12:23 of 1st period - Wrist shot by Martin Havlat.
12:23 of 1st period - Shot Misses the Net.
12:25 of 1st period - Slapshot by Paul Martin.
12:25 of 1st period - Shot Blocked by Tobias Enstrom.
12:40 of 1st period - Slapshot by Mike Richards.
12:40 of 1st period - Deflect By Teemu Selanne.
12:40 of 1st period - Stopped by Marc-André Fleury with a rebound.
12:42 of 1st period - Slapshot by Mike Richards.
12:42 of 1st period - Shot Blocked by Dion Phaneuf.
12:44 of 1st period - Snap shot by Maxim Kondratiev.
12:44 of 1st period - Stopped by Marc-André Fleury with a rebound.
14:08 of 1st period - Penalty to Evgeni Malkin is over, Evgeni Malkin is back on ice.
14:15 of 1st period - Shea Weber is hit by Colby Armstrong and loses puck.
14:27 of 1st period - Icing by Shea Weber.
14:28 of 1st period - Colby Armstrong wins face-off versus Brian Sutherby in Red Wings zone.
14:33 of 1st period - Snap shot by Byron Bitz.
14:33 of 1st period - Stopped by Jonathan Quick without a rebound.
14:34 of 1st period - Brian Sutherby wins face-off versus Colby Armstrong in Red Wings zone.
15:09 of 1st period - Snap shot by Michal Grosek.
15:09 of 1st period - Stopped by Marc-André Fleury with a rebound.
15:11 of 1st period - Slapshot by Christian Laflamme.
15:11 of 1st period - Stopped by Marc-André Fleury with a rebound.
15:13 of 1st period - Snap shot by Michal Grosek.
15:13 of 1st period - Stopped by Marc-André Fleury without a rebound.
15:14 of 1st period - Evgeni Malkin wins face-off versus Jason Spezza in Maple Leafs zone.
15:19 of 1st period - Martin Havlat is hit by Claude Giroux and loses puck.
15:28 of 1st period - Snap shot by Martin Havlat.
15:28 of 1st period - Stopped by Marc-André Fleury with a rebound.
15:30 of 1st period - Wrist shot by Jason Spezza.
15:30 of 1st period - Shot Blocked by Tobias Enstrom.
15:40 of 1st period - Alexander Frolov is hit by Mike Brown.
15:48 of 1st period - Slapshot by Claude Giroux.
15:48 of 1st period - Shot Misses the Net.
15:50 of 1st period - Wrist shot by Evgeni Malkin.
15:50 of 1st period - Stopped by Jonathan Quick without a rebound.
15:51 of 1st period - Jason Spezza wins face-off versus Brendan Morrison in Red Wings zone.
16:05 of 1st period - Off-side.
16:06 of 1st period - Mike Richards wins face-off versus Jordan Staal in neutral zone.
16:09 of 1st period - Slapshot by Paul Martin.
16:09 of 1st period - Stopped by Marc-André Fleury with a rebound.
16:11 of 1st period - Wrist shot by Teemu Selanne.
16:11 of 1st period - Stopped by Marc-André Fleury with a rebound.
16:13 of 1st period - Snap shot by Shea Weber.
16:13 of 1st period - Shot Misses the Net.
16:15 of 1st period - Wrist shot by Sean Bergenheim.
16:15 of 1st period - Shot Misses the Net.
16:17 of 1st period - Slapshot by Shea Weber.
16:17 of 1st period - Shot Blocked by Dion Phaneuf.
16:19 of 1st period - Wrist shot by Mike Richards.
16:19 of 1st period - Stopped by Marc-André Fleury without a rebound.
16:20 of 1st period - Jason Spezza wins face-off versus Evgeni Malkin in Maple Leafs zone.
16:23 of 1st period - Slapshot by Martin Havlat.
16:23 of 1st period - Stopped by Marc-André Fleury with a rebound.
18:22 of 1st period - Wrist shot by Michal Grosek.
18:22 of 1st period - Shot Blocked by Noah Welch.
18:24 of 1st period - Wrist shot by Michal Grosek.
18:24 of 1st period - Stopped by Marc-André Fleury without a rebound.
18:25 of 1st period - Brendan Morrison wins face-off versus Brian Sutherby in Maple Leafs zone.
18:34 of 1st period - Snap shot by Byron Bitz.
18:34 of 1st period - Stopped by Jonathan Quick with a rebound.
18:46 of 1st period - Minor Penalty to Byron Bitz for Hooking.
18:47 of 1st period - Claude Giroux wins face-off versus Jason Spezza in Maple Leafs zone.
19:23 of 1st period - Snap shot by Brendan Morrison.
19:23 of 1st period - Stopped by Jonathan Quick without a rebound.
19:24 of 1st period - Jason Spezza wins face-off versus Claude Giroux in Red Wings zone.
19:29 of 1st period - Claude Giroux is hit by Martin Havlat and loses puck.
19:59 of 1st period - Evgeni Malkin is hit by Mike Richards and loses puck.
Goals for this period are 2 for Red Wings vs 0 for Maple Leafs.
Shots for this period are 17 for Red Wings vs 6 for Maple Leafs.

2nd period


0:01 of 2nd period - Claude Giroux wins face-off versus Jason Spezza in neutral zone.
0:35 of 2nd period - Wrist shot by Mike Richards.
0:35 of 2nd period - Stopped by Marc-André Fleury with a rebound.
0:46 of 2nd period - Penalty to Byron Bitz is over, Byron Bitz is back on ice.
1:09 of 2nd period - Wrist shot by Colby Armstrong.
1:09 of 2nd period - Stopped by Jonathan Quick without a rebound.
1:10 of 2nd period - Brendan Morrison wins face-off versus Mike Richards in Red Wings zone.
1:39 of 2nd period - Backhand shot by Byron Bitz.
1:39 of 2nd period - Shot Misses the Net.
1:42 of 2nd period - Minor Penalty to Mike Brown for Holding.
1:43 of 2nd period - Evgeni Malkin wins face-off versus Rick Nash in Red Wings zone.
1:54 of 2nd period - Snap shot by Evgeni Malkin.
1:54 of 2nd period - Shot Blocked by Shea Weber.
1:56 of 2nd period - Snap shot by Evgeni Malkin.
1:56 of 2nd period - Shot Blocked by Shea Weber.
1:58 of 2nd period - Snap shot by Alexander Frolov.
1:58 of 2nd period - Goal by Alexander Frolov - Red Wings : 2 - Maple Leafs : 1.
1:59 of 2nd period - Jason Spezza wins face-off versus Claude Giroux in neutral zone.
2:24 of 2nd period - Evgeni Malkin is hit by Mike Brown and loses puck.
2:34 of 2nd period - Minor Penalty to Alexander Frolov for Slashing.
2:35 of 2nd period - Claude Giroux wins face-off versus Jason Spezza in Maple Leafs zone.
3:07 of 2nd period - Icing by Mike Richards.
3:08 of 2nd period - Mike Richards wins face-off versus Brendan Morrison in Red Wings zone.
3:15 of 2nd period - Slapshot by Brendan Morrison.
3:15 of 2nd period - Stopped by Jonathan Quick without a rebound.
3:16 of 2nd period - Jason Spezza wins face-off versus Claude Giroux in Red Wings zone.
3:16 of 2nd period - Jason Spezza is hit by Claude Giroux.
3:26 of 2nd period - Slapshot by Martin Havlat.
3:26 of 2nd period - Stopped by Marc-André Fleury without a rebound.
3:27 of 2nd period - Martin Havlat wins face-off versus Evgeni Malkin in Maple Leafs zone.
3:31 of 2nd period - Off-side.
3:32 of 2nd period - Claude Giroux wins face-off versus Jason Spezza in neutral zone.
3:57 of 2nd period - Snap shot by Evgeni Malkin.
3:57 of 2nd period - Deflect By Sean Bergenheim.
3:57 of 2nd period - Shot Misses the Net.
3:57 of 2nd period - Puck is out of play.
3:58 of 2nd period - Steve Ott wins face-off versus Mike Richards in Red Wings zone.
3:59 of 2nd period - Snap shot by Brendan Morrison.
3:59 of 2nd period - Stopped by Jonathan Quick with a rebound.
4:33 of 2nd period - Snap shot by Martin Havlat.
4:33 of 2nd period - Stopped by Marc-André Fleury without a rebound.
4:34 of 2nd period - Penalty to Alexander Frolov is over, Alexander Frolov is back on ice.
4:34 of 2nd period - Alexander Frolov wins face-off versus Mike Richards in Maple Leafs zone.
4:43 of 2nd period - Evgeni Malkin is hit by Sean Bergenheim and loses puck.
5:22 of 2nd period - Christian Laflamme is hit by Steve Ott and loses puck.
5:33 of 2nd period - Mike Brown is hit by Steve Ott and loses puck.
5:55 of 2nd period - Slapshot by Claude Giroux.
5:55 of 2nd period - Shot Blocked by Maxim Kondratiev.
6:21 of 2nd period - Minor Penalty to Justin Abdelkader for Slashing.
6:22 of 2nd period - Claude Giroux wins face-off versus Jason Spezza in Maple Leafs zone.
8:21 of 2nd period - Penalty to Justin Abdelkader is over, Justin Abdelkader is back on ice.
8:32 of 2nd period - Slapshot by Brendan Morrison.
8:32 of 2nd period - Shot Misses the Net.
8:34 of 2nd period - Minor Penalty to Christian Backman for Roughing.
8:35 of 2nd period - Brendan Morrison wins face-off versus Jason Spezza in Red Wings zone.
8:42 of 2nd period - Wrist shot by Brendan Morrison.
8:42 of 2nd period - Stopped by Jonathan Quick with a rebound.
8:44 of 2nd period - Snap shot by Braydon Coburn.
8:44 of 2nd period - Shot Blocked by Jason Spezza.
8:46 of 2nd period - Slapshot by Braydon Coburn.
8:46 of 2nd period - Stopped by Jonathan Quick without a rebound.
8:47 of 2nd period - Jason Spezza wins face-off versus Evgeni Malkin in Red Wings zone.
9:45 of 2nd period - Byron Bitz is hit by Ossi Vaananen and loses puck.
9:52 of 2nd period - Ossi Vaananen is hit by Brendan Morrison and loses puck.
10:34 of 2nd period - Penalty to Christian Backman is over, Christian Backman is back on ice.
10:47 of 2nd period - Snap shot by Rob Schremp.
10:47 of 2nd period - Shot Misses the Net.
10:49 of 2nd period - Wrist shot by Justin Abdelkader.
10:49 of 2nd period - Goal by Justin Abdelkader - Red Wings : 2 - Maple Leafs : 2.
10:50 of 2nd period - Brendan Morrison wins face-off versus Mike Richards in neutral zone.
11:20 of 2nd period - Snap shot by Shawn Horcoff.
11:20 of 2nd period - Shot Misses the Net.
11:47 of 2nd period - Minor Penalty to Alex Goligoski for Hooking.
11:48 of 2nd period - Jason Spezza wins face-off versus Evgeni Malkin in Maple Leafs zone.
11:49 of 2nd period - Backhand shot by Rick Nash.
11:49 of 2nd period - Stopped by Marc-André Fleury without a rebound.
11:50 of 2nd period - Claude Giroux wins face-off versus Jason Spezza in Maple Leafs zone.
12:21 of 2nd period - Snap shot by Mike Richards.
12:21 of 2nd period - Stopped by Marc-André Fleury without a rebound.
12:22 of 2nd period - Mike Richards wins face-off versus Claude Giroux in Maple Leafs zone.
12:40 of 2nd period - Icing by Teemu Selanne.
12:41 of 2nd period - Alexander Frolov wins face-off versus Sean Bergenheim in Red Wings zone.
12:54 of 2nd period - Slapshot by Sean Bergenheim.
12:54 of 2nd period - Stopped by Marc-André Fleury with a rebound.
13:08 of 2nd period - Snap shot by Christian Backman.
13:08 of 2nd period - Stopped by Marc-André Fleury with a rebound.
13:10 of 2nd period - Slapshot by Christian Backman.
13:10 of 2nd period - Deflect By Tobias Enstrom.
13:10 of 2nd period - Stopped by Marc-André Fleury with a rebound.
13:12 of 2nd period - Slapshot by Maxim Kondratiev.
13:12 of 2nd period - Shot Blocked by Brendan Morrison.
13:47 of 2nd period - Penalty to Alex Goligoski is over, Alex Goligoski is back on ice.
14:07 of 2nd period - Wrist shot by Colby Armstrong.
14:07 of 2nd period - Shot Blocked by Robert Dome.
14:17 of 2nd period - Snap shot by Robert Dome.
14:17 of 2nd period - Stopped by Marc-André Fleury without a rebound.
14:18 of 2nd period - Rick Nash wins face-off versus Brendan Morrison in Maple Leafs zone.
14:27 of 2nd period - Snap shot by Jason Spezza.
14:27 of 2nd period - Stopped by Marc-André Fleury with a rebound.
14:29 of 2nd period - Snap shot by Paul Martin.
14:29 of 2nd period - Shot Misses the Net.
14:31 of 2nd period - Wrist shot by Martin Havlat.
14:31 of 2nd period - Stopped by Marc-André Fleury with a rebound.
15:09 of 2nd period - Slapshot by Brian Sutherby.
15:09 of 2nd period - Shot Blocked by Claude Giroux.
15:11 of 2nd period - Slapshot by Ossi Vaananen.
15:11 of 2nd period - Deflect By Brian Sutherby.
15:11 of 2nd period - Shot Blocked by Alex Goligoski.
15:11 of 2nd period - Puck is out of play.
15:12 of 2nd period - Brendan Morrison wins face-off versus Jason Spezza in Maple Leafs zone.
15:24 of 2nd period - Slapshot by Matt Pettinger.
15:24 of 2nd period - Shot Misses the Net.
15:26 of 2nd period - Wrist shot by Dion Phaneuf.
15:26 of 2nd period - Shot Blocked by Ossi Vaananen.
15:28 of 2nd period - Slapshot by Tobias Enstrom.
15:28 of 2nd period - Shot Blocked by Christian Laflamme.
16:00 of 2nd period - Jason Spezza is hit by Alexander Frolov.
16:12 of 2nd period - Wrist shot by Jason Spezza.
16:12 of 2nd period - Stopped by Marc-André Fleury with a rebound.
16:14 of 2nd period - Wrist shot by Martin Havlat.
16:14 of 2nd period - Shot Misses the Net.
16:16 of 2nd period - Snap shot by Martin Havlat.
16:16 of 2nd period - Deflect By Jason Spezza.
16:16 of 2nd period - Stopped by Marc-André Fleury with a rebound.
16:18 of 2nd period - Snap shot by Jason Spezza.
16:18 of 2nd period - Shot Blocked by Evgeni Malkin.
16:20 of 2nd period - Wrist shot by Jason Spezza.
16:20 of 2nd period - Shot Blocked by Jamie McBain.
16:22 of 2nd period - Slapshot by Paul Martin.
16:22 of 2nd period - Shot Blocked by Noah Welch.
16:24 of 2nd period - Snap shot by Rick Nash.
16:24 of 2nd period - Goal by Rick Nash - Red Wings : 3 - Maple Leafs : 2.
16:25 of 2nd period - Mike Richards wins face-off versus Evgeni Malkin in neutral zone.
16:54 of 2nd period - Wrist shot by Teemu Selanne.
16:54 of 2nd period - Stopped by Marc-André Fleury without a rebound.
16:55 of 2nd period - Shawn Horcoff wins face-off versus Brendan Morrison in Maple Leafs zone.
17:06 of 2nd period - Snap shot by Robert Dome.
17:06 of 2nd period - Shot Blocked by Brendan Morrison.
17:08 of 2nd period - Wrist shot by Shawn Horcoff.
17:08 of 2nd period - Shot Misses the Net.
17:10 of 2nd period - Snap shot by Shawn Horcoff.
17:10 of 2nd period - Shot Blocked by Alex Goligoski.
17:24 of 2nd period - Icing by Paul Martin.
17:25 of 2nd period - Brian Sutherby wins face-off versus Evgeni Malkin in Red Wings zone.
18:14 of 2nd period - Carson Mcmillan is hit by Braydon Coburn and loses puck.
18:48 of 2nd period - Wrist shot by Evgeni Malkin.
18:48 of 2nd period - Shot Misses the Net.
18:50 of 2nd period - Snap shot by Jamie McBain.
18:50 of 2nd period - Stopped by Jonathan Quick with a rebound.
18:57 of 2nd period - Slapshot by Jamie McBain.
18:57 of 2nd period - Shot Blocked by Maxim Kondratiev.
18:59 of 2nd period - Wrist shot by Alexander Frolov.
18:59 of 2nd period - Stopped by Jonathan Quick without a rebound.
19:00 of 2nd period - Jason Spezza wins face-off versus Brendan Morrison in Red Wings zone.
19:25 of 2nd period - Mike Richards is hit by Jordan Staal and loses puck.
19:51 of 2nd period - Minor Penalty to Shea Weber for Interference.
19:52 of 2nd period - Jason Spezza wins face-off versus Brendan Morrison in Red Wings zone.
Goals for this period are 1 for Red Wings vs 2 for Maple Leafs.
Shots for this period are 15 for Red Wings vs 9 for Maple Leafs.

3rd period


0:01 of 3rd period - Evgeni Malkin wins face-off versus Jason Spezza in neutral zone.
0:04 of 3rd period - Slapshot by Dion Phaneuf.
0:04 of 3rd period - Stopped by Jonathan Quick with a rebound.
1:51 of 3rd period - Penalty to Shea Weber is over, Shea Weber is back on ice.
1:57 of 3rd period - Slapshot by Christian Laflamme.
1:57 of 3rd period - Stopped by Marc-André Fleury with a rebound.
1:59 of 3rd period - Slapshot by Maxim Kondratiev.
1:59 of 3rd period - Deflect By Teemu Selanne.
1:59 of 3rd period - Stopped by Marc-André Fleury with a rebound.
2:01 of 3rd period - Snap shot by Maxim Kondratiev.
2:01 of 3rd period - Deflect By Jordan Staal.
2:01 of 3rd period - Stopped by Marc-André Fleury without a rebound.
2:02 of 3rd period - Mike Richards wins face-off versus Steve Ott in Maple Leafs zone.
2:13 of 3rd period - Snap shot by Colby Armstrong.
2:13 of 3rd period - Stopped by Jonathan Quick with a rebound.
2:58 of 3rd period - Wrist shot by Martin Havlat.
2:58 of 3rd period - Stopped by Marc-André Fleury with a rebound.
3:49 of 3rd period - Alex Goligoski is hit by Robert Dome and loses puck.
4:14 of 3rd period - Slapshot by Evgeni Malkin.
4:14 of 3rd period - Stopped by Jonathan Quick with a rebound.
4:16 of 3rd period - Snap shot by Braydon Coburn.
4:16 of 3rd period - Stopped by Jonathan Quick with a rebound.
4:38 of 3rd period - Wrist shot by Byron Bitz.
4:38 of 3rd period - Stopped by Jonathan Quick without a rebound.
4:39 of 3rd period - Evgeni Malkin wins face-off versus Mike Richards in Red Wings zone.
5:06 of 3rd period - Brendan Morrison is hit by Martin Havlat and loses puck.
5:32 of 3rd period - Icing by Christian Backman.
5:33 of 3rd period - Evgeni Malkin wins face-off versus Mike Brown in Red Wings zone.
5:42 of 3rd period - Slapshot by Evgeni Malkin.
5:42 of 3rd period - Shot Hit the Post.
6:08 of 3rd period - Snap shot by Colby Armstrong.
6:08 of 3rd period - Shot Blocked by Shawn Horcoff.
6:14 of 3rd period - Slapshot by Maxim Kondratiev.
6:14 of 3rd period - Stopped by Marc-André Fleury without a rebound.
6:15 of 3rd period - Jason Spezza wins face-off versus Brendan Morrison in Maple Leafs zone.
6:39 of 3rd period - Icing by Paul Martin.
6:40 of 3rd period - Evgeni Malkin wins face-off versus Jason Spezza in Red Wings zone.
6:47 of 3rd period - Snap shot by Claude Giroux.
6:47 of 3rd period - Stopped by Jonathan Quick without a rebound.
6:48 of 3rd period - Sean Bergenheim wins face-off versus Alexander Frolov in Red Wings zone.
6:57 of 3rd period - Snap shot by Shea Weber.
6:57 of 3rd period - Shot Blocked by Braydon Coburn.
6:59 of 3rd period - Snap shot by Sean Bergenheim.
6:59 of 3rd period - Shot Blocked by Braydon Coburn.
7:01 of 3rd period - Wrist shot by Teemu Selanne.
7:01 of 3rd period - Shot Misses the Net.
7:09 of 3rd period - Minor Penalty to Braydon Coburn for Interference.
7:10 of 3rd period - Claude Giroux wins face-off versus Jason Spezza in Maple Leafs zone.
7:10 of 3rd period - Claude Giroux is hit by Martin Havlat.
7:36 of 3rd period - Brendan Morrison is hit by Teemu Selanne and loses puck.
9:05 of 3rd period - Backhand shot by Shawn Horcoff.
9:05 of 3rd period - Stopped by Marc-André Fleury with a rebound.
9:09 of 3rd period - Penalty to Braydon Coburn is over, Braydon Coburn is back on ice.
9:44 of 3rd period - Maxim Kondratiev is hit by Matt Pettinger and loses puck.
10:28 of 3rd period - Christian Laflamme is hit by Alex Goligoski and loses puck.
10:46 of 3rd period - Jamie McBain is hit by Ossi Vaananen and loses puck.
11:23 of 3rd period - Steve Ott is hit by Shea Weber and loses puck.
11:40 of 3rd period - Sean Bergenheim is hit by Justin Abdelkader and loses puck.
12:33 of 3rd period - Alex Goligoski is hit by Michal Grosek and loses puck.
13:00 of 3rd period - Wrist shot by Rob Schremp.
13:00 of 3rd period - Shot Blocked by Jason Spezza.
13:02 of 3rd period - Snap shot by Blake Comeau.
13:02 of 3rd period - Shot Misses the Net.
13:19 of 3rd period - Tobias Enstrom is hit by Teemu Selanne and loses puck.
13:26 of 3rd period - Slapshot by Dion Phaneuf.
13:26 of 3rd period - Deflect By Claude Giroux.
13:26 of 3rd period - Shot Blocked by Christian Backman.
13:26 of 3rd period - Puck is out of play.
13:27 of 3rd period - Mike Richards wins face-off versus Claude Giroux in Red Wings zone.
13:29 of 3rd period - Minor Penalty to Sean Bergenheim for Tripping.
13:30 of 3rd period - Evgeni Malkin wins face-off versus Jason Spezza in Red Wings zone.
13:56 of 3rd period - Tobias Enstrom is hit by Shea Weber and loses puck.
14:03 of 3rd period - Wrist shot by Dion Phaneuf.
14:03 of 3rd period - Deflect By Evgeni Malkin.
14:03 of 3rd period - Stopped by Jonathan Quick with a rebound.
14:05 of 3rd period - Snap shot by Alexander Frolov.
14:05 of 3rd period - Stopped by Jonathan Quick with a rebound.
14:07 of 3rd period - Snap shot by Claude Giroux.
14:07 of 3rd period - Stopped by Jonathan Quick without a rebound.
14:08 of 3rd period - Mike Richards wins face-off versus Brendan Morrison in Red Wings zone.
14:17 of 3rd period - Slapshot by Alex Goligoski.
14:17 of 3rd period - Stopped by Jonathan Quick with a rebound.
14:40 of 3rd period - Icing by Alexander Frolov.
14:41 of 3rd period - Brendan Morrison wins face-off versus Mike Richards in Maple Leafs zone.
14:41 of 3rd period - Brendan Morrison is hit by Paul Martin.
14:53 of 3rd period - Slapshot by Alex Goligoski.
14:53 of 3rd period - Deflect By Byron Bitz.
14:53 of 3rd period - Shot Blocked by Mike Richards.
14:53 of 3rd period - Puck is out of play.
14:54 of 3rd period - Jason Spezza wins face-off versus Evgeni Malkin in Red Wings zone.
15:21 of 3rd period - Brendan Morrison is hit by Jason Spezza and loses puck.
15:29 of 3rd period - Penalty to Sean Bergenheim is over, Sean Bergenheim is back on ice.
15:42 of 3rd period - Snap shot by Jordan Staal.
15:42 of 3rd period - Goal by Jordan Staal - Red Wings : 3 - Maple Leafs : 3.
15:43 of 3rd period - Jordan Staal wins face-off versus Shawn Horcoff in neutral zone.
15:46 of 3rd period - Slapshot by Tobias Enstrom.
15:46 of 3rd period - Shot Blocked by Christian Laflamme.
16:58 of 3rd period - Paul Martin is hit by Brendan Morrison and loses puck.
17:25 of 3rd period - Paul Martin is hit by Alex Goligoski.
17:54 of 3rd period - Icing by Maxim Kondratiev.
17:55 of 3rd period - Rob Schremp wins face-off versus Mike Richards in Red Wings zone.
17:56 of 3rd period - Slapshot by Justin Abdelkader.
17:56 of 3rd period - Stopped by Jonathan Quick without a rebound.
17:57 of 3rd period - Rob Schremp wins face-off versus Sean Bergenheim in Red Wings zone.
17:58 of 3rd period - Slapshot by Justin Abdelkader.
17:58 of 3rd period - Shot Blocked by Sean Bergenheim.
18:36 of 3rd period - Wrist shot by Alex Goligoski.
18:36 of 3rd period - Deflect By Rick Nash.
18:36 of 3rd period - Stopped by Jonathan Quick with a rebound.
18:38 of 3rd period - Wrist shot by Justin Abdelkader.
18:38 of 3rd period - Stopped by Jonathan Quick with a rebound.
18:40 of 3rd period - Wrist shot by Rob Schremp.
18:40 of 3rd period - Shot Misses the Net.
18:52 of 3rd period - Wrist shot by Rob Schremp.
18:52 of 3rd period - Shot Misses the Net.
18:54 of 3rd period - Wrist shot by Justin Abdelkader.
18:54 of 3rd period - Stopped by Jonathan Quick with a rebound.
18:56 of 3rd period - Snap shot by Justin Abdelkader.
18:56 of 3rd period - Stopped by Jonathan Quick without a rebound.
18:57 of 3rd period - Shawn Horcoff wins face-off versus Jordan Staal in Red Wings zone.
18:59 of 3rd period - Major / Game Misconduct Penalty to Shawn Horcoff for Unsportsmanlike conduct.
18:59 of 3rd period - Shawn Horcoff is ejected from game.
19:00 of 3rd period - Jason Spezza wins face-off versus Evgeni Malkin in Red Wings zone.
19:00 of 3rd period - Jason Spezza is hit by Tobias Enstrom.
19:13 of 3rd period - Wrist shot by Claude Giroux.
19:13 of 3rd period - Goal by Claude Giroux - Red Wings : 3 - Maple Leafs : 4.
19:14 of 3rd period - Jason Spezza wins face-off versus Evgeni Malkin in neutral zone.
19:31 of 3rd period - Snap shot by Evgeni Malkin.
19:31 of 3rd period - Shot Misses the Net.
Goals for this period are 0 for Red Wings vs 2 for Maple Leafs.
Shots for this period are 6 for Red Wings vs 17 for Maple Leafs.


Output by the SimonT Hockey Simulator (STHS) for François Prévost -- Original Page W3C XHTML 1.0 Valid
Hockey Simulator - Hockey Simulation - Hockey Manager